Map: Schreine von Lizul

Players

XesaXen - Winner!

  • Race: Zerg Zerg
  • League: Master
  • Spawn Location: 6:00

Pitjuh - Winner!

  • Race: Zerg Zerg
  • Spawn Location: 9:00

RiseAgainst

  • Race: Terran Terran
  • League: Diamond
  • Spawn Location: 12:00

Panda

  • Race: Zerg Zerg
  • League: Platinum
  • Spawn Location: 3:00

VOD

Have the link to the VOD?

Description

Time

  • Played on: Aug. 31, 2017, 12:45 p.m.
  • Length: 13:26
Show
View Real Time Build Order
Export as new Build Order

XesaXen Zerg - Winner!

Build Orders: Pool First 

Get SALT Encoding   

  12  0:01  Drone  
  13  0:13  Overlord  
  13  0:18  Drone  
  14  0:31  Drone x2  
  16  0:35  Drone  
  17  0:45  Drone  
  17  0:49  Extractor  
  17  0:52  Spawning Pool  
  17  0:56  Drone  
  17  1:07  Drone  
  18  1:31  Hatchery  
  17  1:33  Drone  
  17  1:35  Drone  
  19  1:49  Queen  
  19  1:50  Metabolic Boost  
  19  1:53  Zergling x2  
  22  2:01  Overlord  
  22  2:09  Baneling Nest  
  22  2:10  Zergling x2  
  22  2:20  Zergling x2  
  23  2:25  Queen  
  25  2:33  Overlord  
  25  2:34  Drone  
  26  2:43  Queen  
  28  2:45  Drone  
  29  2:53  Baneling x3  
  29  2:55  Baneling  
  29  3:02  Drone x3  
  32  3:11  Drone x2  
  32  3:12  Drone  
  35  3:15  Drone  
  36  3:29  Zergling x8  
  40  3:34  Drone  
  40  3:38  Drone  
  42  3:44  Hatchery  
  42  3:47  Overlord  
  41  3:56  Queen  
  43  4:08  Overlord  
  42  4:13  Queen  
  44  4:26  Zergling x10  
  44  4:27  Zergling x8  
  49  4:42  Queen  
  51  4:53  Extractor, Lair  
  51  4:55  Extractor  
  51  4:57  Drone x6  
  55  5:04  Spore Crawler  
  55  5:06  Spore Crawler  
  53  5:08  Queen  
  53  5:09  Drone x4  
  59  5:16  Spore Crawler  
  59  5:18  Drone x2  
  60  5:25  Drone  
  60  5:26  Drone x3  
  60  5:27  Overlord x2  
  64  5:33  Extractor  
  63  5:43  Extractor, Drone x3  
  63  5:44  Extractor, Drone x2  
  65  6:05  Overseer  
  65  6:14  Drone x2, Hydralisk Den, Infestation Pit  
  65  6:17  Drone  
  65  6:18  Drone  
  67  6:19  Drone x2  
  67  6:20  Overlord x2, Drone  
  67  6:21  Overlord  
  70  6:35  Drone x11  
  70  6:38  Overseer  
  81  6:41  Overlord x2  
  81  6:55  Hive, Muscular Augments  
  81  7:00  Evolution Chamber  
  80  7:01  Evolution Chamber  
  80  7:02  Roach Warren  
  78  7:16  Drone  
  79  7:31  Hydralisk  
  79  7:32  Hydralisk x8  
  79  7:35  Zerg Missile Weapons Level 1  
  97  7:38  Zerg Ground Armor Level 1  
  97  7:41  Hatchery  
  96  7:46  Hydralisk x3  
  102  8:02  Roach x4  
  102  8:03  Roach x4  
  102  8:05  Glial Reconstitution  
  118  8:08  Overlord  
  118  8:09  Overlord  
  117  8:13  Overlord  
  117  8:26  Pneumatized Carapace  
  117  8:34  Roach  
  117  8:35  Roach x9  
  137  8:53  Drone x2  
  137  8:54  Drone x4  
  137  8:55  Drone x2  
  145  9:01  Overlord  
  145  9:02  Overlord x3  
  140  9:13  Extractor  
  140  9:15  Extractor  
  112  9:20  Viper x5  
  112  9:22  Hydralisk x2  
  111  9:42  Roach x10  
  111  9:43  Roach  
  123  9:47  Zerg Missile Weapons Level 2  
  123  9:52  Zerg Ground Armor Level 2  
  119  9:58  Hydralisk  
  119  9:59  Hydralisk x2  
  121  10:08  Hydralisk x3  
  127  10:14  Overseer  
  127  10:16  Hydralisk x2  
  131  10:24  Hydralisk x3  
  137  10:36  Hydralisk x3  
  137  10:41  Roach x2  
  137  10:42  Roach x2  
  151  10:52  Roach  
  151  10:53  Roach x4  
  161  11:04  Roach  
  161  11:05  Roach x5  
  161  11:08  Burrow  
  161  11:10  Neural Parasite  
  173  11:16  Lurker Den  
  142  11:55  Roach x8  
  142  11:56  Roach x9  
  172  12:16  Overlord x3  
  172  12:17  Overlord x2  
  172  12:50  Roach  
  174  12:55  Roach x13  
Show
View Real Time Build Order
Export as new Build Order

Pitjuh Zerg - Winner!

Build Orders: Hatch First 

Get SALT Encoding   

  12  0:01  Drone  
  13  0:12  Overlord  
  13  0:18  Drone  
  14  0:31  Drone  
  14  0:32  Drone  
  16  0:35  Drone  
  17  0:55  Hatchery  
  16  1:01  Drone  
  17  1:12  Spawning Pool  
  17  1:14  Extractor  
  17  1:16  Drone  
  16  1:20  Drone  
  16  1:24  Drone  
  18  1:28  Drone  
  19  1:47  Drone  
  20  1:57  Overlord  
  20  1:59  Queen  
  22  2:07  Queen  
  24  2:09  Zergling x4  
  24  2:13  Extractor, Zergling x2  
  26  2:19  Metabolic Boost  
  26  2:23  Zergling x2  
  27  2:32  Zergling x2  
  27  2:34  Drone  
  27  2:35  Drone  
  30  2:43  Drone x2  
  32  2:51  Drone  
  33  2:59  Drone  
  33  3:01  Drone  
  35  3:05  Drone  
  35  3:11  Overlord  
  36  3:30  Drone  
  37  3:36  Zergling x4  
  37  3:37  Overlord, Zergling x2  
  37  3:39  Drone  
  37  3:40  Drone  
  41  3:41  Roach Warren  
  41  3:42  Zergling x2  
  41  3:45  Drone  
  40  3:53  Queen  
  41  3:56  Spine Crawler  
  40  4:02  Overlord  
  39  4:12  Overlord  
  39  4:16  Overlord  
  39  4:21  Roach x3  
  45  4:27  Roach x3  
  45  4:29  Pneumatized Carapace  
  49  4:33  Roach  
  49  4:35  Roach  
  51  4:45  Roach x3  
  57  4:48  Roach x2  
  61  4:55  Drone x2  
  61  5:12  Spore Crawler  
  55  5:28  Drone  
  53  5:30  Drone x3  
  53  5:37  Drone x4  
  53  5:41  Drone  
  58  5:47  Queen  
  52  6:16  Spore Crawler  
  52  6:17  Drone  
  51  6:20  Spore Crawler  
  50  6:28  Drone x2  
  50  6:30  Drone  
  53  6:35  Drone  
  53  6:38  Drone  
  55  6:49  Drone x2  
  55  6:50  Drone x2  
  59  6:59  Lair  
  59  7:02  Drone  
  59  7:04  Extractor  
  59  7:05  Drone  
  59  7:07  Drone  
  61  7:13  Drone  
  61  7:14  Drone  
  61  7:15  Drone  
  64  7:47  Extractor, Drone x5  
  64  7:48  Drone x4  
  72  7:53  Overlord  
  65  7:59  Roach, Hatchery  
  65  8:03  Roach  
  67  8:09  Glial Reconstitution  
  67  8:19  Spore Crawler  
  66  8:25  Spine Crawler  
  66  8:26  Queen  
  67  8:33  Roach x2  
  71  8:38  Queen  
  73  8:41  Overseer  
  73  8:45  Drone  
  74  8:51  Drone  
  75  8:56  Drone x2  
  75  8:58  Drone  
  78  9:12  Roach x2  
  78  9:13  Roach  
  78  9:14  Roach x2  
  78  9:15  Roach  
  90  9:23  Roach  
  90  9:26  Roach  
  90  9:28  Roach  
  82  9:33  Roach x2  
  82  9:35  Roach x2  
  78  9:38  Roach  
  78  9:41  Roach  
  74  9:46  Drone x3  
  63  10:00  Drone, Evolution Chamber x2  
  63  10:03  Drone x3  
  63  10:04  Spore Crawler  
  62  10:08  Spore Crawler  
  62  10:09  Spine Crawler  
  62  10:12  Ravager x4  
  62  10:13  Ravager  
  65  10:19  Ravager x2  
  65  10:21  Drone  
  68  10:22  Roach  
  68  10:23  Roach  
  70  10:29  Zerg Ground Armor Level 1  
  70  10:33  Zerg Missile Weapons Level 1  
  70  10:43  Overseer x2  
  70  10:52  Roach x2  
  70  10:53  Roach x2  
  70  10:54  Roach x2  
  70  10:55  Roach  
  81  10:59  Overlord  
  81  11:05  Spine Crawler, Overlord  
  80  11:13  Overlord x2  
  80  11:19  Roach  
  80  11:24  Roach x2  
  86  11:26  Roach x2  
  86  11:32  Roach x3  
  93  11:36  Roach  
  93  11:39  Roach  
  97  11:41  Roach  
  97  11:43  Roach  
  97  11:46  Roach  
  101  11:53  Roach x2  
  100  11:54  Roach  
  100  11:56  Roach  
  100  12:00  Roach  
  106  12:06  Overseer  
  104  12:10  Ravager  
  105  12:17  Drone  
  105  12:19  Extractor  
  105  12:20  Overlord x3  
  105  12:21  Overlord  
  105  12:37  Queen  
  107  12:45  Roach  
  107  12:46  Roach x3  
  107  12:48  Roach x2  
  119  12:52  Roach  
  119  12:55  Roach  
  119  12:58  Roach x3  
  125  12:59  Roach x2  
  125  13:00  Roach  
  125  13:03  Roach  
  125  13:05  Roach  
Show
View Real Time Build Order
Export as new Build Order

RiseAgainst Terran 

Build Orders: Hellion Banshee, MMM Bio 

Get SALT Encoding   

  12  0:00  SCV  
  13  0:12  SCV  
  14  0:17  Supply Depot  
  14  0:24  SCV  
  15  0:29  Refinery  
  15  0:39  SCV  
  16  0:45  Barracks  
  16  0:51  SCV  
  17  1:03  SCV  
  18  1:15  SCV  
  19  1:24  Engineering Bay  
  19  1:27  SCV  
  20  1:33  Factory  
  20  1:40  Orbital Command  
  20  1:48  Barracks Reactor  
  20  2:00  Supply Depot  
  20  2:06  SCV  
  21  2:18  SCV  
  26  2:30  Hellion x2  
  26  2:31  Command Center  
  26  2:34  SCV  
  27  2:37  Barracks Tech Lab  
  29  2:51  Hellion  
  29  2:52  Supply Depot, Hellion  
  31  3:02  Supply Depot  
  31  3:09  Starport  
  31  3:13  SCV  
  31  3:15  Hellion  
  34  3:21  Hellion  
  34  3:24  Barracks Tech Lab  
  34  3:25  SCV  
  37  3:37  SCV  
  38  3:43  Hellion x2  
  42  3:50  SCV  
  43  3:55  Banshee  
  43  3:57  Cloaking Field  
  43  4:00  Orbital Command  
  46  4:21  Hellion x2  
  50  4:41  Banshee  
  50  4:42  Hellion x2  
  50  4:44  SCV x2  
  55  4:48  Marine  
  55  4:49  Refinery  
  55  4:51  Barracks  
  56  4:56  SCV  
  34  5:41  Marine, Barracks Reactor  
  34  5:42  Stimpack  
  35  5:44  Barracks  
  35  5:45  Barracks  
  35  5:48  Barracks  
  35  5:50  Starport Reactor  
  35  6:05  SCV x2  
  37  6:17  SCV  
  37  6:18  Barracks x2, SCV  
  39  6:21  Barracks  
  36  6:26  Marine x3  
  36  6:29  SCV  
  36  6:30  SCV  
  36  6:31  Medivac  
  36  6:32  Medivac  
  45  6:38  Marine x2  
  47  6:42  SCV  
  47  6:43  SCV  
  47  6:44  Marine  
  47  6:46  Refinery  
  50  6:48  Refinery  
  50  6:50  Command Center  
  50  6:52  Marine x2, Hellion  
  50  6:54  SCV  
  55  6:56  Marine x2, SCV  
  58  7:04  Engineering Bay  
  58  7:06  SCV, Engineering Bay  
  58  7:07  Supply Depot  
  58  7:08  SCV  
  60  7:09  Supply Depot  
  60  7:13  Marine  
  60  7:14  Marine  
  62  7:20  Supply Depot  
  62  7:28  Marine x2  
  62  7:29  Medivac x2, SCV x2  
  70  7:38  Barracks Reactor  
  70  7:39  Siege Tank  
  70  7:40  Marine x2  
  70  7:41  Marine x3, SCV  
  70  7:42  SCV  
  80  7:45  Supply Depot x2  
  80  7:49  Terran Infantry Weapons Level 1  
  80  7:50  Terran Infantry Armor Level 1  
  80  8:11  Marine x2  
  80  8:12  Barracks Reactor, Barracks Tech Lab  
  80  8:16  SCV  
  80  8:17  Orbital Command  
  81  8:27  Siege Tank  
  84  8:43  Medivac  
  84  8:44  Medivac  
  84  8:46  Combat Shields  
  84  8:47  Marine x2  
  84  8:48  Marine x3, Barracks Reactor  
  90  8:49  Marine x4  
  97  8:58  Factory  
  79  9:17  Orbital Command  
  79  9:19  Marine x4  
  79  9:20  Marine x7  
  85  9:31  Marine x2  
  84  9:37  Marine x4  
  80  9:39  Marauder x2  
  80  9:43  Factory Tech Lab, Siege Tank  
  75  10:00  SCV x3  
  75  10:06  Marauder x2  
  82  10:11  Siege Tank  
  82  10:12  Armory, SCV x2  
  87  10:16  Siege Tank  
  90  10:24  SCV x2  
  90  10:28  SCV, Marauder  
  95  10:30  Marine x6, Marauder  
  95  10:31  Marine  
  95  10:34  Supply Depot  
  95  10:35  Supply Depot  
  104  10:36  SCV  
  105  10:48  Siege Tank  
  105  10:49  SCV x2, Marauder  
  112  10:54  Marine  
  112  10:55  Marauder  
  113  11:10  Marauder  
  115  11:12  Command Center  
  115  11:14  Marine x6  
  115  11:15  Marine x5, Refinery  
  115  11:16  Marauder  
  128  11:18  Refinery  
  128  11:32  Marine x4, Marauder  
  119  11:37  Siege Tank x2, Marine, Marauder  
  119  11:38  Marine x4  
  119  11:39  Marine  
  127  11:52  Unknown x2  
  127  11:53  Marauder  
  110  11:54  Medivac x2  
  110  11:59  Marauder  
  91  12:09  Siege Tank  
  91  12:15  Siege Tank  
  97  12:24  Medivac x2  
  97  12:26  Marine x3, Marauder x2  
  97  12:28  Unknown  
  108  12:37  Orbital Command  
  108  12:45  SCV x2  
  108  12:47  Marauder  
  112  12:53  Command Center  
Show
View Real Time Build Order
Export as new Build Order

Panda Zerg 

Build Orders: Pool First 

Get SALT Encoding   

  12  0:01  Drone  
  13  0:13  Drone  
  14  0:23  Extractor  
  14  0:24  Drone  
  14  0:36  Spawning Pool  
  14  0:37  Drone  
  14  0:46  Overlord  
  14  1:04  Drone x2  
  14  1:05  Drone  
  17  1:15  Drone  
  18  1:24  Queen  
  20  1:28  Zergling x2  
  21  1:47  Metabolic Boost  
  21  1:56  Hatchery  
  20  2:22  Drone x2  
  22  2:24  Overlord  
  21  2:45  Overlord  
  21  2:46  Baneling Nest  
  21  2:47  Zergling x4  
  22  2:53  Zergling x2  
  22  2:56  Queen  
  25  3:01  Spine Crawler  
  24  3:13  Drone x5  
  29  3:32  Drone  
  29  3:33  Drone x3  
  33  3:36  Queen  
  33  3:40  Spine Crawler, Drone  
  35  3:45  Zergling x6  
  35  3:57  Drone  
  35  3:58  Drone  
  35  4:02  Drone  
  38  4:04  Drone  
  38  4:07  Baneling  
  39  4:16  Drone  
  40  4:22  Evolution Chamber  
  39  4:28  Evolution Chamber  
  39  4:30  Drone  
  39  4:32  Roach Warren  
  39  4:34  Drone x4  
  42  4:39  Extractor  
  41  4:48  Drone x3  
  41  4:52  Overlord x2  
  44  5:09  Lair  
  44  5:16  Zergling x12  
  50  5:33  Drone x3  
  53  5:36  Zerg Ground Armor Level 1  
  53  5:52  Drone x3  
  53  5:53  Drone x4  
  57  6:13  Roach  
  57  6:17  Overlord x2, Zergling x2  
  57  6:18  Overlord x2  
  60  6:21  Glial Reconstitution  
  60  6:28  Zerg Missile Weapons Level 1  
  60  6:29  Infestation Pit  
  59  6:36  Spine Crawler  
  59  6:37  Roach x3, Spine Crawler  
  59  6:39  Zergling x4  
  65  6:53  Roach  
  73  6:54  Roach x3  
  73  7:04  Unknown  
  73  7:22  Extractor  
  72  7:23  Extractor  
  72  7:27  Zergling x2, Pathogen Glands  
  72  7:28  Zergling x4  
  72  7:29  Zergling x10  
  79  7:40  Hatchery  
  78  7:50  Drone x3  
  81  7:55  Infestor  
  83  8:17  Infestor  
  83  8:19  Zergling x2  
  86  8:26  Baneling x2  
  84  8:27  Baneling  
  84  8:33  Centrifical Hooks  
  84  8:50  Zerg Ground Armor Level 2  
  84  8:52  Roach  
  84  8:53  Roach x2  
  90  9:03  Queen  
  90  9:04  Drone x2  
  69  9:28  Roach x5  
  69  9:29  Zergling x26  
  78  9:42  Roach, Zergling x2  
  78  9:43  Zergling x6  
  79  10:20  Drone x3  
  82  10:27  Extractor  
  82  10:28  Extractor  
  80  10:52  Overseer  
  77  11:02  Roach  
  77  11:03  Infestor x5  
  88  11:04  Zergling x2  
  66  11:37  Infestor x3  
  66  11:38  Zergling x2  
  66  11:39  Zergling x10  
  76  11:52  Overlord x2  
  76  11:53  Overlord x3  
  76  11:54  Unknown  
  76  12:00  Overlord x3  
  75  12:17  Roach x5  
  85  12:24  Drone  
  86  12:36  Overseer  
  86  12:37  Overseer  
Tags
 
Add a new tag
Caveats
  • Supply blocks, unpowered buildings, or Contaminate may cause inaccurate times.
  • Supply counts are checked every 10 seconds.